[Event "9th Bangabandhu Rapid Women 2021"]
[Site "Dhaka"]
[Date "2021.04.02"]
[Round "6.4"]
[White "Ahmed, Walijah"]
[Black "Parveen, Tanima"]
[Result "1/2-1/2"]
[ECO "C91"]
[WhiteElo "1902"]
[BlackElo "1984"]
[Annotator "ChessBase"]
[PlyCount "43"]
[EventDate "2021.04.02"]
[EventType "swiss"]
[EventCountry "BAN"]
[SourceTitle "playchess.com"]
[Source "ChessBase"]
[SourceQuality "1"]
[TimeControl "1500+10"]

1. e4 e5 2. Nf3 Nc6 3. Bb5 a6 4. Ba4 Nf6 5. O-O b5 6. Bb3 Be7 7. Re1 d6 8. c3 O-O 9. d4 Bg4 10. d5 Nb8 11. Nbd2 c6 12. dxc6 Nxc6 13. h3 Be6 14. Nf1 h6 15. Ng3 Qd7 16. Nh4 d5 17. Nhf5 Bc5 18. exd5 Bxd5 19. Bxd5 Qxd5 20. Qc2 Rfd8 21. Be3 Bxe3 22. Nxe3 1/2-1/2

[Event "9th Bangabandhu Rapid Women 2021"]
[Site "Dhaka"]
[Date "2021.04.03"]
[Round "7.1"]
[White "Noshin, Anjum"]
[Black "Jannatul, Ferdous"]
[Result "1-0"]
[ECO "B19"]
[WhiteElo "1874"]
[BlackElo "1781"]
[Annotator "NA RC"]
[PlyCount "131"]
[EventDate "2021.04.02"]
[EventType "swiss"]
[EventCountry "BAN"]
[SourceTitle "playchess.com"]
[Source "ChessBase"]
[SourceQuality "1"]
[TimeControl "1500+10"]

1. e4 c6 2. d4 d5 3. Nc3 dxe4 4. Nxe4 Bf5 5. Ng3 Bg6 6. h4 h6 7. Nf3 Nd7 8. h5 Bh7 9. Bd3 Bxd3 10. Qxd3 e6 11. Bf4 Qa5+ 12. Bd2 Qc7 13. O-O-O Ngf6 14. Kb1 O-O-O 15. Qe2 c5 16. dxc5 Bxc5 17. Be3 (17. Rh4 $14) 17... Bxe3 18. Qxe3 Nd5 19. Qxa7 N7b6 20. Qa5 Nf4 21. Qe5 f6 22. Qxc7+ Kxc7 23. Nd4 Rhe8 24. Nge2 Nfd5 25. Nb5+ Kb8 26. Nec3 Rd7 27. Nxd5 Rxd5 28. Nc3 Rg5 29. g3 Rc8 30. Rde1 Rc6 31. Ne2 Rd5 32. Rd1 Rdc5 33. c3 e5 34. Rd8+ Rc8 35. Rhd1 Kc7 36. Rxc8+ Nxc8 37. Nc1 e4 38. Rh1 Rf5 39. Rh4 Nd6 40. Rh2 $1 Nc4 41. Nb3 Nd6 42. Nd4 Re5 43. Rh4 b6 44. Rg4 Ne8 45. Kc2 f5 46. Rg6 Re7 47. Nxf5 Rf7 48. g4 b5 49. Kd2 Nf6 50. Rxg7 Rxg7 51. Nxg7 Nxg4 52. Ke2 Kd6 53. f3 exf3+ 54. Kxf3 Ne5+ 55. Ke4 Nc4 56. b3 Nd2+ 57. Kd3 Nf1 58. Nf5+ Ke6 59. Nxh6 Ng3 60. Ng4 Nxh5 61. c4 bxc4+ 62. Kxc4 Kd6 63. Ne3 Kc6 64. Nf5 Nf4 65. b4 $18 Ne2 66. Nd4+ 1-0

[Event "9th Bangabandhu Rapid Women 2021"]
[Site "Dhaka"]
[Date "2021.04.03"]
[Round "7.4"]
[White "Nusrat Jahan, Alo"]
[Black "Ahmed, Walijah"]
[Result "1-0"]
[ECO "B22"]
[WhiteElo "1806"]
[BlackElo "1840"]
[Annotator "NA"]
[PlyCount "109"]
[EventDate "2021.04.02"]
[EventType "swiss"]
[EventCountry "BAN"]
[SourceTitle "playchess.com"]
[Source "ChessBase"]
[SourceQuality "1"]
[TimeControl "1500+10"]

1. e4 c5 2. Nf3 e6 3. c3 d5 4. exd5 Qxd5 5. d4 Nf6 6. Be2 Nc6 7. Be3 Ng4 8. h3 Nxe3 9. fxe3 Bd6 10. O-O O-O 11. Nbd2 cxd4 12. exd4 Bc7 13. Bc4 Qh5 14. Qe2 Ne7 15. Ne4 h6 16. Rad1 Bd7 17. Nc5 Bc6 18. Bb5 a6 19. Bxc6 Nxc6 20. Nxb7 Bb6 $16 21. Nd6 Ba7 22. Nc4 Rab8 23. b3 Rfe8 24. Nce5 Nxe5 25. Qxe5 Qg6 26. Qe2 Qh5 27. Qxa6 Ra8 28. Qd3 Bb8 29. a4 Ba7 30. Kh1 Bb8 31. Qe4 Bc7 32. Qb7 Bg3 33. Ne5 Bxe5 34. dxe5 Rab8 35. Qd7 Rf8 36. b4 Qxe5 37. Qd2 Rbc8 38. Rf3 Rc4 39. a5 Rfc8 40. Rc1 Qb5 41. Rd3 Qc6 42. Rd8+ Rxd8 43. Qxd8+ Kh7 44. Qd3+ Kg8 45. Qd8+ Kh7 46. Qd2 g6 47. Qb2 Qb5 48. Ra1 Re4 49. a6 Re2 50. Qxe2 Qxe2 51. a7 g5 52. a8=Q g4 53. hxg4 Qxg4 54. Qf3 Qh4+ 55. Kg1 1-0

[Event "9th Bangabandhu Rapid Women 2021"]
[Site "Dhaka"]
[Date "2021.04.03"]
[Round "8.1"]
[White "Parveen, Tanima"]
[Black "Noshin, Anjum"]
[Result "*"]
[ECO "E14"]
[WhiteElo "1984"]
[BlackElo "1874"]
[Annotator "RC"]
[PlyCount "25"]
[EventDate "2021.04.02"]
[EventType "swiss"]
[EventCountry "BAN"]
[SourceTitle "playchess.com"]
[Source "ChessBase"]
[SourceQuality "1"]
[TimeControl "1500+10"]

1. d4 Nf6 2. c4 e6 3. Nf3 b6 4. e3 Bb7 5. Bd3 Bb4+ 6. Bd2 Be7 7. Bc3 O-O 8. Nbd2 d5 9. O-O Ne4 10. Qc2 f5 11. Ne5 Nd7 12. Ndf3 c5 13. Rac1 *

[Event "9th Bangabandhu Rapid Women 2021"]
[Site "Dhaka"]
[Date "2021.04.03"]
[Round "8.2"]
[White "Talukder, Umme Taslima Protiva"]
[Black "Hamid, Rani"]
[Result "*"]
[ECO "C54"]
[WhiteElo "1698"]
[BlackElo "1923"]
[Annotator "RC"]
[PlyCount "20"]
[EventDate "2021.04.02"]
[EventType "swiss"]
[EventCountry "BAN"]
[SourceTitle "playchess.com"]
[Source "ChessBase"]
[SourceQuality "1"]
[TimeControl "1500+10"]

1. e4 e5 2. Nf3 Nc6 3. Bc4 Bc5 4. c3 Nf6 5. d3 d6 6. O-O a6 7. h3 h6 8. Bb3 Ba7 9. Re1 g5 10. Nh2 g4 *

[Event "9th Bangabandhu Rapid Women 2021"]
[Site "Dhaka"]
[Date "2021.04.03"]
[Round "8.4"]
[White "Jannatul, Ferdous"]
[Black "Sabikun Nahar, Tonima"]
[Result "1/2-1/2"]
[ECO "B12"]
[WhiteElo "1781"]
[BlackElo "1533"]
[Annotator "NA"]
[PlyCount "74"]
[EventDate "2021.04.02"]
[EventType "swiss"]
[EventCountry "BAN"]
[SourceTitle "playchess.com"]
[Source "ChessBase"]
[SourceQuality "1"]
[TimeControl "1500+10"]

1. e4 c6 2. d4 d5 3. e5 Bf5 4. Nf3 e6 5. Be2 c5 6. Be3 Ne7 7. O-O cxd4 8. Nxd4 Nbc6 9. f4 Nxd4 10. Bxd4 h6 11. Nd2 Nc6 12. Bf2 Be7 13. Nf3 O-O 14. c3 a6 15. a4 Qc7 16. Kh1 f6 17. exf6 Bxf6 18. Be3 Rad8 19. Nd4 Bxd4 20. Bxd4 Nxd4 21. Qxd4 Be4 22. Qe3 e5 23. fxe5 Qxe5 24. Rxf8+ Rxf8 25. Bf3 Re8 26. Re1 Qc7 27. Qd4 Qc6 28. Bxe4 Rxe4 29. Rxe4 dxe4 30. Kg1 e3 31. Qxe3 Qxa4 32. Qd2 Qb3 33. Qd8+ Kf7 34. Qd7+ Kf6 35. Qd6+ Kf7 36. Qd7+ Kf6 37. Qd6+ Kf7 1/2-1/2

[Event "9th Bangabandhu Rapid Women 2021"]
[Site "Dhaka"]
[Date "2021.04.03"]
[Round "9.2"]
[White "Noshin, Anjum"]
[Black "Wadifa, Ahmed"]
[Result "1-0"]
[ECO "B82"]
[WhiteElo "1874"]
[BlackElo "1525"]
[Annotator "NA RC"]
[PlyCount "91"]
[EventDate "2021.04.02"]
[EventType "swiss"]
[EventCountry "BAN"]
[SourceTitle "playchess.com"]
[Source "ChessBase"]
[SourceQuality "1"]
[TimeControl "1500+10"]

1. e4 c5 2. Nf3 e6 3. d4 cxd4 4. Nxd4 a6 5. Nc3 Qc7 6. Bd3 Nf6 7. Qe2 d6 8. f4 Nbd7 9. Bd2 Be7 10. O-O-O b5 11. a3 Bb7 12. g4 Nc5 13. g5 Nfd7 14. Kb1 O-O-O 15. Rhf1 Kb8 16. Be1 Nb6 17. Nb3 d5 18. exd5 Nxd5 19. Nxd5 Bxd5 20. Ba5 Qb7 21. Bxd8 Nxd3 22. Bxe7 Qxe7 23. Rxd3 Bc4 24. Qe5+ Ka8 25. Qe4+ Kb8 26. Rfd1 Bxd3 27. Rxd3 Rc8 28. Qe5+ Qc7 29. Rd7 Qxe5 30. fxe5 Rc7 31. Rd8+ Ka7 32. Rh8 f6 33. Re8 fxe5 34. Rxe6 Rf7 35. Rxe5 Rf1+ 36. Ka2 Rf2 37. Re7+ Kb6 38. Rxg7 Rxh2 39. g6 hxg6 40. Rxg6+ Ka7 41. c3 Rh5 42. Nd4 Kb7 43. b4 Rh2+ 44. Kb3 Rh3 45. Ne6 a5 46. Nc5+ 1-0

[Event "9th Bangabandhu Rapid Women 2021"]
[Site "Dhaka"]
[Date "2021.04.03"]
[Round "9.4"]
[White "Jannatul, Ferdous"]
[Black "Israt, Jahan Diba"]
[Result "0-1"]
[ECO "D02"]
[WhiteElo "1781"]
[BlackElo "1675"]
[Annotator "NA RC"]
[PlyCount "197"]
[EventDate "2021.04.02"]
[EventType "swiss"]
[EventCountry "BAN"]
[SourceTitle "playchess.com"]
[Source "ChessBase"]
[SourceQuality "1"]
[TimeControl "1500+10"]

1. d4 d5 2. Bf4 Nf6 3. Nf3 c5 4. e3 Nc6 5. c3 Qb6 6. Qb3 c4 7. Qxb6 axb6 8. Nbd2 h6 9. Be2 Bf5 10. O-O e6 11. h3 Be7 12. Ne5 O-O 13. b3 b5 14. bxc4 bxc4 15. a4 Bc2 16. Bd1 Bxd1 17. Rfxd1 Ra6 18. Rdb1 Ra7 19. Nxc6 bxc6 20. Rb8 Rxb8 21. Bxb8 Rb7 22. Rb1 Rxb1+ 23. Nxb1 Bd8 24. Bd6 Ba5 25. f3 Nd7 26. Bb4 Bxb4 27. cxb4 Nb8 28. Kf2 Kf8 29. Ke2 Ke7 30. Kd2 Kd6 31. Kc3 f6 32. Nd2 e5 33. Nf1 g6 34. g4 f5 35. Ng3 f4 36. exf4 exf4 37. Ne2 g5 38. Nc1 Kc7 39. Na2 Kb6 40. Nc1 Nd7 41. Ne2 Nf6 42. h4 Ng8 43. hxg5 hxg5 44. Ng1 Nh6 45. Nh3 Nf7 46. Nf2 Nd6 47. Nd1 Nc8 48. Kd2 Ne7 49. Nc3 Nc8 50. Ne2 Nd6 51. Nc3 Nc8 52. Ke2 Nd6 53. Kd2 Nc8 54. Nd1 Nd6 55. Nf2 Ka6 56. Kc3 Kb6 57. Nd1 Nc8 58. Nf2 Nd6 59. Nh3 Nf7 60. Ng1 Nd6 61. Ne2 Nf7 62. Kb2 Nd6 63. Nc3 Nb7 64. Ka3 Nd6 65. Ne2 Nf7 66. Ng1 Nd6 67. Kb2 Ka6 68. Ne2 Nf7 69. Nc3 Kb6 70. Ka3 Nd6 71. Ne2 Nf7 72. Nc3 Nd6 73. a5+ Ka6 74. Ka4 Nb5 75. Ne2 Nd6 76. Ng1 Nf7 77. Ne2 Nd6 78. Nc3 Nb5 79. Ne2 Ka7 80. Ng1 Nxd4 81. Ka3 Ka6 82. Kb2 Kb5 83. Kc3 Ne6 84. Nh3 c5 85. bxc5 Kxc5 86. Nf2 Kb5 87. a6 Kxa6 88. Kb4 Kb6 89. Nh3 Kc6 90. Nf2 Nd4 91. Nh3 Nxf3 92. Nf2 Ne5 93. Nh3 Nxg4 94. Nxg5 Ne5 95. Nh3 f3 96. Nf2 Nd3+ 97. Nxd3 cxd3 98. Kc3 f2 99. Kd4 0-1